 Dungeon Crawl Stone Soup version 0.31-a0-263-ge8cad7f256 (webtiles) character file.

Game seed: 5544135060006512532

93 qw the Shooter (level 4, -3/36 HPs)
             Began as a Minotaur Hexslinger on July 13, 2023.
             Slain by a water moccasin (6 damage)
             ... on level 3 of the Dungeon.
             The game lasted 00:00:50 (2082 turns).

qw the Shooter (Minotaur Hexslinger)                Turns: 2082, Time: 00:00:51

Health: -3/36      AC:  5    Str: 13    XL:     4   Next: 37%
Magic:  4/4        EV: 11    Int: 10    God:
Gold:   142        SH:  0    Dex: 14    Spells: 4/5 levels left

rFire   . . .        Y - +1 sling
rCold   . . .        (no shield)
rNeg    + . .        e - +0 ring mail
rPois   .            (helmet restricted)
rElec   .            (no cloak)
rCorr   .            (no gloves)
SInv    .            (no boots)
Will    .....        (no amulet)
Stlth   +            g - ring of positive energy
HPRegen 0.26/turn    (no ring)
MPRegen 0.09/turn

%: no passive effects
@: lethally poisoned (-3 -> -12)
A: horns 2, retaliatory headbutt
a: no special abilities


You were on level 3 of the Dungeon.
You visited 1 branch of the dungeon, and saw 4 of its levels.

You collected 142 gold pieces.


Innate Abilities, Weirdness & Mutations

You have a pair of horns on your head.
You reflexively headbutt those who attack you in melee.


   Skills:
 - Level 2.0 Fighting
 + Level 4.8 Ranged Weapons
 - Level 1.0 Armour
 - Level 2.1 Dodging
 - Level 1.0 Spellcasting
 - Level 2.0 Hexes


You had 4 spell levels left.
You knew the following spells:

 Your Spells              Type           Power      Damage    Failure   Level
a - Slow                  Hex            16%        N/A       32%         1

Your spell library contained the following spells:

 Spells                   Type           Power      Damage    Failure   Level
 Inner Flame              Hex/Fire       2%         N/A       82%         3
 Portal Projectile        Hex/Tloc       4%         N/A       82%         3
 Cause Fear               Hex            2%         N/A       97%         4

Inventory:

Hand Weapons
 Y - a +1 sling (weapon)
Armour
 e - a +0 ring mail (worn)
Jewellery
 g - a ring of positive energy (left hand)
Potions
 b - a potion of enlightenment {unknown}
 c - a potion of experience {unknown}
 d - a potion of berserk rage {unknown}
 f - a potion of curing
 h - a potion of heal wounds {unknown}
 m - a potion of invisibility {unknown}

Dungeon Overview and Level Annotations

Branches:
Dungeon (4/15)
 Temple: D:4-7

Altars:


Message History

The water moccasin bites you.
You shoot a sling bullet.
The sling bullet barely misses the water moccasin.
The water moccasin bites you.
You are poisoned.
The water moccasin poisons you!
The water moccasin bites you but does no damage.
2077 ||| STAIRDANCE You feel very sick.
The water moccasin bites you.
You climb upwards.
You feel very sick.
There is a stone staircase leading down here.
Enter note:
Enter note:
Enter note:
Enter note:
Enter note:
Enter note: You shoot a sling bullet.
The sling bullet hits the water moccasin.
The water moccasin is moderately wounded.
You feel sick. The water moccasin barely misses you. You furiously retaliate!
You headbutt the water moccasin. The water moccasin barely misses you.
You shoot a sling bullet.
The sling bullet hits the water moccasin but does no damage.
The water moccasin is moderately wounded.
You feel sick. The water moccasin bites you.
You are lethally poisoned!
The water moccasin poisons you!
You shoot a sling bullet.
The sling bullet misses the water moccasin.
You feel very sick. The water moccasin bites you.
The water moccasin barely misses you. You furiously retaliate!
You headbutt the water moccasin. You shoot a sling bullet.
The sling bullet barely misses the water moccasin.
You feel very sick. The water moccasin closely misses you.
The water moccasin bites you.
You die...

#.......########
...............#
........######.#
#.......# #.#
........# #.#
.......#######.#
......)......#.#
#.##########.#.###
#.# #####....@###
#.# #..####.#S..#
#.# ##<.# #..##.#
#.#####...#
##.#..#
#.#.....#.# #...##
....#####.# ##..#
..### #.# ##...#
#.# ##.####..#|#
#.# #..##...##.#


You could see a water moccasin.

Vanquished Creatures
  2 adders (D:3)
  An ufetubus (D:3)
  A worm (D:2)
  3 dart slugs (D:2)
  2 orcs (D:3)
  3 endoplasms
  2 giant cockroaches
  4 goblins
  3 hobgoblins
  10 jackals
  10 kobolds
  A quokka (D:3)
  A ball python (D:3)
  6 bats
  A frilled lizard (D:2)
  8 rats
58 creatures vanquished.

Notes
Turn   | Place    | Note
-------+----------+-------------------------------------------
     0 | D:1      | qw the Minotaur Hexslinger began the quest for the Orb.
     0 | D:1      | Reached XP level 1. HP: 16/16 MP: 1/1
     0 | D:1      | 0 ||| qw: Version: 0.3-a-52-g30416fa
     0 | D:1      | 0 ||| qw: Game counter: 7171
     0 | D:1      | 0 ||| qw: Melee chars always use a shield: true
     0 | D:1      | 0 ||| qw: God list: Okawaru
     0 | D:1      | 0 ||| qw: Allow faded altars: false
     0 | D:1      | 0 ||| qw: Do Orc after clearing Dungeon:15 true
     0 | D:1      | 0 ||| qw: Do second Lair branch before Depths: true
     0 | D:1      | 0 ||| qw: Lair rune preference: random
     0 | D:1      | 0 ||| qw: Goals: Normal
     0 | D:1      | 0 ||| PLANNING D:1-11
   161 | D:1      | Reached skill level 3 in Ranged Weapons
   170 | D:1      | Reached XP level 2. HP: 16/23 MP: 2/2
   531 | D:1      | 531 ||| UPGRADING to +0 ring mail.
   541 | D:1      | 541 ||| DROPPING +0 robe.
   542 | D:1      | 542 ||| READING scroll labelled PUYCWU OLAI.
   543 | D:1      | 543 ||| READING scroll labelled ORYOXT HOANUYVU.
   548 | D:1      | 548 ||| DROPPING scroll of poison.
   693 | D:2      | Reached XP level 3. HP: 25/29 MP: 3/3
   834 | D:2      | Reached skill level 4 in Ranged Weapons
  1017 | D:2      | Reached skill level 1 in Armour
  1322 | D:2      | 1322 ||| UPGRADING to ring of positive energy.
  1323 | D:2      | 1323 ||| DRINKING 2 amethyst potions.
  1447 | D:3      | Reached XP level 4. HP: 35/36 MP: 4/4
  1501 | D:3      | 1501 ||| FLEEEEING.
  1502 | D:3      | 1502 ||| FLEEEEING.
  1658 | D:3      | HP: 9/36 [orc/+0 club (4)]
  1659 | D:3      | 1659 ||| READING scroll of teleportation.
  1882 | D:3      | Found a faded altar of an unknown god.
  1934 | D:3      | 1934 ||| READING scroll labelled JEGHOXZ DALE.
  2035 | D:3      | 2035 ||| READING scroll labelled YDYT TUASAK.
  2036 | D:3      | 2036 ||| READING scroll labelled DIOTUO GIPOU.
  2037 | D:3      | 2037 ||| READING scroll labelled AGAOTH CIETOIG.
  2071 | D:4      | Noticed a water moccasin
  2072 | D:4      | 2072 ||| PLANNING OSSUARY
  2077 | D:4      | 2077 ||| STAIRDANCE
  2081 | D:3      | HP: 7/36 [poisoned by a water moccasin]
  2082 | D:3      | HP: 3/36 [poisoned by a water moccasin]
  2082 | D:3      | Slain by a water moccasin

Levels and vault maps discovered:
D:1:      dpeg_arrival_signposts, layout_basic
D:2:      layout_loops_ring
D:3:      layout_rooms, hellmonk_ecumenical_altar_inner_sanctum
D:4:      minmay_chambers_of_twos, layout_basic,
          nicolae_ossuary_entry_false_entrances, hangedman_decor_riveting,
          uniq_eustachio, uniq_edmund, uniq_sigmund

Skill      XL: |  1  2  3 |
---------------+----------+-----
Ranged Weapons | 3 4 |  4.8
Fighting       | 2 |  2.0
Armour         | 1 |  1.0
Dodging        | |  2.1
Spellcasting   | |  1.0
Hexes          | |  2.0

Action                     |  1- 3 |  4- 6 || total
---------------------------+-------+-------++-------
   Fire: Sling             |   156 |    52 ||   208
    Use: Scroll            |     2 |     5 ||     7
         Potion            |     1 |       ||     1
 Armour: Robe              |     5 |       ||     5
         Ring mail         |    20 |    20 ||    40
  Dodge: Dodged            |    54 |    29 ||    83

Table legend:
 A = Non-vault XP
 B = Vault XP
 C = Vault XP percentage of total XP
 D = Non-vault monster count
 E = Vault monster count
 F = Vault count percentage of total count
                 A         B        C        D         E       F
            +---------+---------+-------+---------+---------+-------
      Total |     134 |       0 |   0.0 |      58 |       0 |   0.0
            +---------+---------+-------+---------+---------+-------
        D:1 |      18 |       0 |   0.0 |      12 |       0 |   0.0
        D:2 |      62 |       0 |   0.0 |      32 |       0 |   0.0
        D:3 |      54 |       0 |   0.0 |      14 |       0 |   0.0
            +---------+---------+-------+---------+---------+-------
